SAAA
JERSEY CITY SUN CAPS @ BANGOR TRIDENT BASE OGRES
09/09/2018
 
TOP OF THE 1ST
Jersey City Sun Caps batting - Pitching for Bangor Trident Base Ogres : RHP Jim Johnstone
Pitching: RHP Jim Johnstone
Batting: LHB John Robertson 0-0: Foul Ball, location: 2F
0-1: SOLO HOME RUN (Flyball, 9D), Distance : 386 ft
Batting: RHB Jim Unknown 0-0: Bunt - Flyout! F2
Batting: RHB Jim Unknown 0-0: Ball
1-0: Ball
2-0: Ball
3-0: Base on Balls
Batting: RHB Gil Moore 0-0: Ball
1-0: Called Strike
1-1: Grounds into double play, U4-3 (Groundball, 4)
Top of the 1st over - 1 run(s), 1 hit(s), 0 error(s), 0 left on base; Jersey City 1 - Bangor Trident Base 0
BOTTOM OF THE 1ST
Bangor Trident Base Ogres batting - Pitching for Jersey City Sun Caps : RHP Jim Unknown
Pitching: RHP Jim Unknown
Batting: RHB Júlio Castillo 0-0: Foul Ball, location: 2F
0-1: Foul Ball, location: 2F
0-2: Ground out 6-3 (Groundball, 6)
Batting: RHB Joe Runyon 0-0: Ground out 6-3 (Groundball, 6M)
Batting: RHB Florian Cesaresco 0-0: Ball
1-0: Called Strike
1-1: DOUBLE (Line Drive, 7LM)
Batting: RHB Francisco Gonzáles 0-0: Called Strike
0-1: Fly out, F5 (Line Drive, 5)
Bottom of the 1st over - 0 run(s), 1 hit(s), 0 error(s), 1 left on base; Jersey City 1 - Bangor Trident Base 0
TOP OF THE 2ND
Jersey City Sun Caps batting - Pitching for Bangor Trident Base Ogres : RHP Jim Johnstone
Batting: RHB Jim Unknown 0-0: SINGLE (Groundball, 3D)
Batting: LHB Jim Unknown 0-0: Called Strike
Jim Unknown steals 2nd base
0-1: Ball
1-1: Fly out, F9 (Flyball, 89S)
Batting: LHB Jim Unknown 0-0: Ball
1-0: Called Strike
Jim Unknown is caught stealing 3rd base
1-1: Ball
2-1: SOLO HOME RUN (Flyball, 9D), Distance : 385 ft
Batting: LHB Jim Unknown 0-0: Ball
1-0: Ball
2-0: SINGLE (Groundball, 4MD)
Batting: RHB Jim Unknown 0-0: Called Strike
0-1: Swinging Strike
0-2: Ball
1-2: Foul Ball, location: 2F
1-2: Foul Ball, location: 2F
1-2: SINGLE (Groundball, 25) (infield hit)
Jim Unknown to second
Batting: LHB John Robertson 0-0: Ball
1-0: Called Strike
1-1: Ball
2-1: Called Strike
2-2: Ball
3-2: Base on Balls
Jim Unknown to third
Jim Unknown to second
Batting: RHB Jim Unknown 0-0: Called Strike
0-1: Ball
1-1: Swinging Strike
1-2: Ground out 5-3 (Groundball, 5S)
Top of the 2nd over - 1 run(s), 4 hit(s), 0 error(s), 3 left on base; Jersey City 2 - Bangor Trident Base 0
BOTTOM OF THE 2ND
Bangor Trident Base Ogres batting - Pitching for Jersey City Sun Caps : RHP Jim Unknown
Batting: RHB Russell Jackson 0-0: Ball
1-0: Foul Ball, location: 2F
1-1: Called Strike
1-2: Strikes out swinging
Batting: RHB Walt Richard 0-0: Called Strike
0-1: Foul Ball, location: 2F
0-2: Ball
1-2: Ground out 5-3 (Groundball, 56S)
Batting: RHB Tyrone Graham 0-0: Ball
1-0: Foul Ball, location: 2F
1-1: Ball
2-1: Fly out, F7 (Line Drive, 7S)
Bottom of the 2nd over - 0 run(s), 0 hit(s), 0 error(s), 0 left on base; Jersey City 2 - Bangor Trident Base 0
TOP OF THE 3RD
Jersey City Sun Caps batting - Pitching for Bangor Trident Base Ogres : RHP Jim Johnstone
Batting: RHB Jim Unknown 0-0: Foul Ball, location: 2F
0-1: Ball
1-1: Ground out U3 (Groundball, 3L)
Batting: RHB Gil Moore 0-0: Ball
1-0: Swinging Strike
1-1: Called Strike
1-2: Fly out, F9 (Flyball, 9LM)
Batting: RHB Jim Unknown 0-0: Called Strike
0-1: Foul Ball, location: 2F
0-2: Strikes out swinging
Top of the 3rd over - 0 run(s), 0 hit(s), 0 error(s), 0 left on base; Jersey City 2 - Bangor Trident Base 0
BOTTOM OF THE 3RD
Bangor Trident Base Ogres batting - Pitching for Jersey City Sun Caps : RHP Jim Unknown
Batting: LHB Alex Ford 0-0: Fly out, F4 (Popup, 34D)
Batting: RHB Stan Pierce 0-0: Ball
1-0: Called Strike
1-1: Ball
2-1: Ground out 4-3 (Groundball, 4)
Batting: RHB Júlio Castillo 0-0: Swinging Strike
0-1: Swinging Strike
0-2: Ball
1-2: Ball
2-2: Foul Ball, location: 2F
2-2: Ground out 6-3 (Groundball, 6M)
Bottom of the 3rd over - 0 run(s), 0 hit(s), 0 error(s), 0 left on base; Jersey City 2 - Bangor Trident Base 0
TOP OF THE 4TH
Jersey City Sun Caps batting - Pitching for Bangor Trident Base Ogres : RHP Jim Johnstone
Batting: LHB Jim Unknown 0-0: Foul Ball, location: 2F
0-1: Ball
1-1: SINGLE (Groundball, 34D)
Batting: LHB Jim Unknown Pickoff Throw to First - Out!
0-0: Ball
1-0: Called Strike
1-1: Ball
2-1: Called Strike
2-2: Foul Ball, location: 2F
2-2: DOUBLE (Flyball, 78M)
Batting: LHB Jim Unknown 0-0: Called Strike
0-1: Called Strike
0-2: Strikes out swinging
Batting: RHB Jim Unknown 0-0: Called Strike
0-1: Foul Ball, location: 2F
0-2: Ball
1-2: Ball
2-2: Foul Ball, location: 2F
2-2: Ground out 6-3 (Groundball, 6)
Top of the 4th over - 0 run(s), 2 hit(s), 0 error(s), 1 left on base; Jersey City 2 - Bangor Trident Base 0
BOTTOM OF THE 4TH
Bangor Trident Base Ogres batting - Pitching for Jersey City Sun Caps : RHP Jim Unknown
Batting: RHB Joe Runyon 0-0: Called Strike
0-1: Ground out 6-3 (Groundball, 6)
Batting: RHB Florian Cesaresco 0-0: Ball
1-0: Ground out 6-3 (Groundball, 6)
Batting: RHB Francisco Gonzáles 0-0: Ball
1-0: Foul Ball, location: 2F
1-1: Ball
2-1: Called Strike
2-2: Ball
3-2: Foul Ball, location: 2F
3-2: Fly out, F9 (Flyball, 89D)
Bottom of the 4th over - 0 run(s), 0 hit(s), 0 error(s), 0 left on base; Jersey City 2 - Bangor Trident Base 0
TOP OF THE 5TH
Jersey City Sun Caps batting - Pitching for Bangor Trident Base Ogres : RHP Jim Johnstone
Batting: LHB John Robertson 0-0: Foul Ball, location: 2F
0-1: Bunt for hit - play at first, batter safe!
Batting: RHB Jim Unknown 0-0: Foul Ball, location: 2F
0-1: Ball
John Robertson steals 2nd base
1-1: Ball
2-1: Ground out 6-3 (Groundball, 6)
John Robertson to third
Batting: RHB Jim Unknown 0-0: Intentional Walk
Batting: RHB Gil Moore 0-0: SINGLE (Line Drive, 78S)
John Robertson scores
Jim Unknown to second
Batting: RHB Jim Unknown 0-0: Ball
1-0: Called Strike
1-1: SINGLE (Groundball, 56D)
Jim Unknown to third
Gil Moore to second
Runner from 3rd tries for Home, SAFE, no throw or cutoff
Batting: LHB Jim Unknown 0-0: Ball
1-0: Ball
2-0: Foul Ball, location: 2F
2-1: Foul Ball, location: 2F
2-2: Foul Ball, location: 2F
2-2: 3-RUN HOME RUN (Flyball, 78XD), Distance : 446 ft
Pitching: RHP Júlio Villegas
Batting: LHB Jim Unknown 0-0: Called Strike
0-1: Swinging Strike
0-2: Ball
1-2: Foul Ball, location: 2F
1-2: Ball
2-2: Fly out, F8 (Flyball, 8LS)
Batting: LHB Jim Unknown 0-0: Ball
1-0: Ground out 4-3 (Groundball, 4)
Top of the 5th over - 5 run(s), 4 hit(s), 0 error(s), 0 left on base; Jersey City 7 - Bangor Trident Base 0
BOTTOM OF THE 5TH
Bangor Trident Base Ogres batting - Pitching for Jersey City Sun Caps : RHP Jim Unknown
Batting: RHB Russell Jackson 0-0: Swinging Strike
0-1: Ball
1-1: Ball
2-1: Foul Ball, location: 2F
2-2: Fly out, F7 (Flyball, 78XD)
Batting: RHB Walt Richard 0-0: Called Strike
0-1: Swinging Strike
0-2: Strikes out looking
Batting: RHB Tyrone Graham 0-0: Called Strike
0-1: Ball
1-1: Swinging Strike
1-2: Ball
2-2: SINGLE (Groundball, 56)
Batting: LHB Alex Ford 0-0: Ball
1-0: Ball
2-0: Fly out, F4 (Line Drive, 4)
Bottom of the 5th over - 0 run(s), 1 hit(s), 0 error(s), 1 left on base; Jersey City 7 - Bangor Trident Base 0
TOP OF THE 6TH
Jersey City Sun Caps batting - Pitching for Bangor Trident Base Ogres : RHP Júlio Villegas
Batting: RHB Jim Unknown 0-0: Called Strike
0-1: Foul Ball, location: 2F
0-2: Strikes out swinging
Batting: LHB John Robertson 0-0: Ball
1-0: Foul Ball, location: 2F
1-1: Swinging Strike
1-2: Ball
2-2: Fly out, F8 (Flyball, 8LS)
Batting: RHB Jim Unknown 0-0: Ball
1-0: Foul Ball, location: 2F
1-1: Foul Ball, location: 2F
1-2: Ball
2-2: Strikes out swinging
Top of the 6th over - 0 run(s), 0 hit(s), 0 error(s), 0 left on base; Jersey City 7 - Bangor Trident Base 0
BOTTOM OF THE 6TH
Bangor Trident Base Ogres batting - Pitching for Jersey City Sun Caps : RHP Jim Unknown
Batting: RHB Stan Pierce 0-0: Ball
1-0: Ball
2-0: Foul Ball, location: 2F
2-1: Ball
3-1: Ground out 3-1 (Groundball, 34)
Batting: RHB Júlio Castillo 0-0: Ball
1-0: Ball
2-0: Ball
3-0: Base on Balls
Batting: RHB Joe Runyon 0-0: Reached on error, E6 (Groundball, 6)
Júlio Castillo to second
Batting: RHB Florian Cesaresco 0-0: Foul Ball, location: 2F
0-1: Ball
1-1: Called Strike
1-2: Ball
2-2: SINGLE (Line Drive, 4MD)
Júlio Castillo to third
Joe Runyon to second
Runner from 3rd tries for Home, SAFE, throw made home
Joe Runyon to third
Florian Cesaresco to second
Batting: RHB Francisco Gonzáles 0-0: Called Strike
0-1: Foul Ball, location: 2F
0-2: Foul Ball, location: 2F
0-2: Fly out, F9 (Flyball, 9LM)
Runner from 3rd tags up, SCORES, throw made
Batting: RHB Russell Jackson 0-0: Called Strike
0-1: Foul Ball, location: 2F
0-2: Fly out, F9 (Flyball, 9M)
Bottom of the 6th over - 2 run(s), 1 hit(s), 1 error(s), 1 left on base; Jersey City 7 - Bangor Trident Base 2
TOP OF THE 7TH
Jersey City Sun Caps batting - Pitching for Bangor Trident Base Ogres : RHP Júlio Villegas
Batting: RHB Jim Unknown 0-0: Ball
1-0: Ball
2-0: Ball
3-0: Called Strike
3-1: Base on Balls
Batting: RHB Gil Moore 0-0: SINGLE (Flyball, 89S)
Jim Unknown to second
Batting: RHB Jim Unknown 0-0: Called Strike
0-1: Foul Ball, location: 2F
0-2: Ball
1-2: Ball
2-2: Fly out, F9 (Line Drive, 89S)
Pitching: LHP Ricardo Betancourt
Batting: LHB Jim Unknown 0-0: Grounds into double play, 4-6-3 (Groundball, 4)
Top of the 7th over - 0 run(s), 1 hit(s), 0 error(s), 1 left on base; Jersey City 7 - Bangor Trident Base 2
BOTTOM OF THE 7TH
Bangor Trident Base Ogres batting - Pitching for Jersey City Sun Caps : RHP Jim Unknown
Batting: RHB Walt Richard 0-0: Called Strike
0-1: Called Strike
0-2: Strikes out looking
Batting: RHB Tyrone Graham 0-0: Ball
1-0: SINGLE (Groundball, 5L)
Batting: LHB Alex Ford 0-0: Called Strike
0-1: Called Strike
0-2: Ball
1-2: SINGLE (Flyball, 78M)
Tyrone Graham to second
Batting: RHB Stan Pierce 0-0: Ball
1-0: Ball
2-0: Ball
3-0: Base on Balls
Tyrone Graham to third
Alex Ford to second
Batting: RHB Júlio Castillo 0-0: Foul Ball, location: 2F
0-1: Fly out, F6 (Popup, 6)
Batting: RHB Joe Runyon 0-0: Ball
1-0: Foul Ball, location: 2F
1-1: Ball
2-1: Foul Ball, location: 2F
2-2: Ball
3-2: Strikes out swinging
Bottom of the 7th over - 0 run(s), 2 hit(s), 0 error(s), 3 left on base; Jersey City 7 - Bangor Trident Base 2
TOP OF THE 8TH
Jersey City Sun Caps batting - Pitching for Bangor Trident Base Ogres : LHP Ricardo Betancourt
Batting: LHB Jim Unknown 0-0: Called Strike
0-1: Ground out 4-3 (Groundball, 4)
Batting: LHB Jim Unknown 0-0: Ball
1-0: Ball
2-0: Called Strike
2-1: Foul Ball, location: 2F
2-2: Foul Ball, location: 2F
2-2: Ground out 4-3 (Groundball, 4M)
Batting: RHB Jim Unknown 0-0: Called Strike
0-1: Foul Ball, location: 2F
0-2: Strikes out swinging
Top of the 8th over - 0 run(s), 0 hit(s), 0 error(s), 0 left on base; Jersey City 7 - Bangor Trident Base 2
BOTTOM OF THE 8TH
Bangor Trident Base Ogres batting - Pitching for Jersey City Sun Caps : RHP Jim Unknown
Batting: RHB Florian Cesaresco 0-0: Ball
1-0: Called Strike
1-1: Swinging Strike
1-2: Strikes out looking
Pitching: RHP Jim Unknown
Batting: RHB Francisco Gonzáles 0-0: SINGLE (Line Drive, 34D)
Batting: RHB Russell Jackson 0-0: Called Strike
0-1: Reached on Error, E7 (Flyball, 7D)
Francisco Gonzáles to second
Batting: RHB Walt Richard 0-0: Ball
1-0: Ball
2-0: Ball
3-0: Base on Balls
Francisco Gonzáles to third
Russell Jackson to second
Batting: RHB Tyrone Graham 0-0: Ball
1-0: Ball
2-0: Ball
3-0: Called Strike
Single, Error in OF, E7, batter to second base
Francisco Gonzáles scores
Russell Jackson scores
Walt Richard to third
Pitching: RHP Jim Unknown
Batting: LHB Alex Ford 0-0: Swinging Strike
0-1: Called Strike
0-2: Fly out, F8 (Flyball, 8LXD)
Runner from 3rd tags up, SCORES, no throw
Batting: RHB Stan Pierce 0-0: Called Strike
0-1: Swinging Strike
0-2: Strikes out looking
Bottom of the 8th over - 3 run(s), 2 hit(s), 2 error(s), 1 left on base; Jersey City 7 - Bangor Trident Base 5
TOP OF THE 9TH
Jersey City Sun Caps batting - Pitching for Bangor Trident Base Ogres : LHP Ricardo Betancourt
Batting: LHB John Robertson 0-0: Foul Ball, location: 2F
0-1: Swinging Strike
0-2: Ball
1-2: Strikes out swinging
Batting: RHB Jim Unknown 0-0: Ball
1-0: Ball
2-0: Called Strike
2-1: Swinging Strike
2-2: Strikes out swinging
Batting: RHB Jim Unknown 0-0: Foul Ball, location: 2F
0-1: Foul Ball, location: 2F
0-2: SOLO HOME RUN (Flyball, 7D), Distance : 407 ft
Batting: RHB Gil Moore 0-0: Called Strike
0-1: Ball
1-1: Foul Ball, location: 2F
1-2: Fly out, F8 (Flyball, 8LXD)
Top of the 9th over - 1 run(s), 1 hit(s), 0 error(s), 0 left on base; Jersey City 8 - Bangor Trident Base 5
BOTTOM OF THE 9TH
Bangor Trident Base Ogres batting - Pitching for Jersey City Sun Caps : RHP Jim Unknown
Batting: RHB Júlio Castillo 0-0: Foul Ball, location: 2F
0-1: Ball
1-1: Fly out, F8 (Flyball, 8LM)
Batting: RHB Joe Runyon 0-0: Foul Ball, location: 2F
0-1: Foul Ball, location: 2F
0-2: Ground out 5-3 (Groundball, 56)
Batting: RHB Florian Cesaresco 0-0: Ground out 4-3 (Groundball, 4M)
Bottom of the 9th over - 0 run(s), 0 hit(s), 0 error(s), 0 left on base; Jersey City 8 - Bangor Trident Base 5
This league is powered by Out of the Park Baseball, the baseball management simulation game for PC, Mac and Linux
Monday, May 4th, 2015 - OOTP Baseball 15.6 Build 34